 Dungeon Crawl Stone Soup version 0.31-a0-188-g5e087ee2ca (webtiles) character file.

Game seed: 15380946900816989742

366 qw the Skirmisher (level 6, -7/35 HPs)
             Began as a Deep Elf Hunter on June 23, 2023.
             Killed by nerve-wracking pain
             ... invoked by an orc priest
              (12 damage)
             ... on level 4 of the Dungeon.
             The game lasted 00:01:02 (2716 turns).

qw the Skirmisher (Deep Elf Hunter)                 Turns: 2716, Time: 00:01:02

Health: -7/35      AC:  9    Str: 10    XL:     6   Next: 40%
Magic:  8/8        EV: 11    Int: 14    God:
Gold:   169        SH:  0    Dex: 18    Spells: 5/5 levels left

rFire   + . .        Y - +1 shortbow (elec)
rCold   + . .        (shield currently unavailable)
rNeg    . . .        g - +0 ring mail
rPois   .            (no helmet)
rElec   .            (no cloak)
rCorr   .            a - +2 pair of gloves
SInv    .            f - +0 pair of boots
Will    .....        (no amulet)
Stlth   +            e - ring of protection from cold
HPRegen 0.25/turn    i - ring of protection from fire
MPRegen 0.11/turn

%: no passive effects
@: no status effects
A: no striking features
a: no special abilities


You were on level 4 of the Dungeon.
You visited 1 branch of the dungeon, and saw 4 of its levels.

You collected 169 gold pieces.


   Skills:
 - Level 2.0 Fighting
 + Level 9.6 Ranged Weapons
 - Level 1.3 Armour
 - Level 2.4 Dodging
 - Level 1.2 Stealth


You had 5 spell levels left.
You didn't know any spells.
Your spell library was empty.

Inventory:

Hand Weapons
 Y - a +1 shortbow of electrocution (weapon)
Armour
 a - a +2 pair of gloves (worn)
 c - a +2 leather armour of willpower
 f - a +0 pair of boots (worn)
 g - a +0 ring mail (worn)
Jewellery
 e - a ring of protection from cold (left hand)
 i - a ring of protection from fire (right hand)
Scrolls
 b - a scroll of identify
 h - a scroll of immolation {unknown}
Potions
 d - a potion of might
 j - a potion of invisibility {unknown}
 k - a potion of curing {unknown}
 l - 2 potions of heal wounds {unknown}

Dungeon Overview and Level Annotations

Branches:
Dungeon (4/15)
 Temple: D:4-7

Altars:


Message History

The orc is heavily wounded.
The orc priest looks satisfied for a moment.
An orc comes into view. It is wielding a +0 flail.
You shoot an arrow. The arrow hits the orc.
You kill the orc!
An orc priest comes into view. It is wielding a +0 short sword.
You shoot an arrow. The orc priest shouts!
The arrow hits the orc priest.
Lightning courses through the orc priest!
The orc priest is almost dead.
An orc priest comes into view. It is wielding a +0 club.
You shoot an arrow. The orc priest shouts!
The arrow hits the orc priest!
Lightning courses through the orc priest!
You kill the orc priest!
The orc priest invokes the aid of Beogh against you.
Beogh smites you!
You shoot an arrow. The arrow barely misses the orc.
The orc priest miscasts a cantrip.
You shoot an arrow. The arrow hits the orc.
Lightning courses through the orc!
You kill the orc!
You shoot an arrow. The arrow hits the orc priest.
The orc priest is moderately wounded.
The orc priest calls upon Beogh to heal the orc priest.
The orc priest's wounds heal themselves!
You shoot an arrow. The arrow hits the orc priest.
The orc priest is moderately wounded.
The orc priest calls down the wrath of Beogh upon you.
You struggle to resist.
You shoot an arrow. The arrow hits the orc priest.
The orc priest is heavily wounded.
The orc priest invokes the aid of Beogh against you.
Beogh smites you!
You shoot an arrow.
The arrow closely misses the orc priest.
The orc priest calls down the wrath of Beogh upon you.
Pain shoots through your body!
You die...

####....###.................#..
.................###........##.
.###..).###...####..........##[
#..))# #...# #..........##.
#....# #...####..........##.
#....# #........#.###.#####.
#....# #.................###
#....###.................# #
#..........@o.)..........# #
#..............).........# #
###.............o........#
#.......####)##.#......#
#........# .....##.####
#........# ... ..######.# ...
... .. ...


You could see 2 orc priests.

Vanquished Creatures
  A hound (D:4)
  3 orc priests (D:4)
  A jelly (D:4)
  Jessica (D:3)
  An iguana (D:4)
  An orc wizard (D:4)
  A gnoll (D:2)
  5 adders
  A worm (D:2)
  2 dart slugs
  6 orcs
  9 endoplasms
  2 giant cockroaches
  9 goblins
  5 hobgoblins
  2 jackals (D:2)
  5 kobolds
  4 quokkas
  8 ball pythons
  3 bats
  12 frilled lizards
  3 rats
85 creatures vanquished.

Notes
Turn   | Place    | Note
-------+----------+-------------------------------------------
     0 | D:1      | qw the Deep Elf Hunter began the quest for the Orb.
     0 | D:1      | Reached XP level 1. HP: 12/12 MP: 3/3
     0 | D:1      | 0 ||| qw: Version: 0.3-a-9-g12657ce
     0 | D:1      | 0 ||| qw: Game counter: 4023
     0 | D:1      | 0 ||| qw: Always use a shield: true
     0 | D:1      | 0 ||| qw: God list: Okawaru
     0 | D:1      | 0 ||| qw: Allow faded altars: false
     0 | D:1      | 0 ||| qw: Do Orc after D:15 true
     0 | D:1      | 0 ||| qw: Do second Lair branch before Depths: true
     0 | D:1      | 0 ||| qw: Lair rune preference: random
     0 | D:1      | 0 ||| qw: Plans: Normal
     0 | D:1      | 0 ||| PLANNING D:1-11
    84 | D:1      | Reached XP level 2. HP: 16/16 MP: 4/4
   178 | D:1      | Reached skill level 6 in Ranged Weapons
   636 | D:1      | 636 ||| UPGRADING to +0 pair of boots.
   641 | D:1      | 641 ||| UPGRADING to +0 ring mail.
   651 | D:1      | 651 ||| DROPPING +0 leather armour.
   652 | D:1      | 652 ||| UPGRADING to ring of protection from cold.
   653 | D:1      | 653 ||| READING 2 scrolls labelled GOASOE BEILORGH.
   754 | D:1      | 754 ||| READING scroll labelled SUT TIPTOVEUCHE.
   755 | D:1      | 755 ||| READING scroll labelled YVENKAREAG.
   756 | D:1      | 756 ||| DROPPING scroll of silence.
   757 | D:1      | 757 ||| DROPPING scroll of butterflies.
   847 | D:2      | Reached XP level 3. HP: 16/20 MP: 5/5
   965 | D:2      | Reached skill level 7 in Ranged Weapons
  1095 | D:2      | Reached XP level 4. HP: 25/25 MP: 6/6
  1394 | D:2      | 1394 ||| UPGRADING to +2 pair of gloves.
  1399 | D:2      | 1399 ||| UPGRADING to ring of protection from fire.
  1400 | D:2      | 1400 ||| READING 2 scrolls labelled UTEM HIEBRAE.
  1401 | D:2      | 1401 ||| READING scroll labelled JEDUNASMUS.
  1402 | D:2      | 1402 ||| READING scroll labelled NUEWOPS QEXE.
  1403 | D:2      | 1403 ||| DRINKING 2 bubbling sapphire potions.
  1590 | D:3      | Noticed Jessica
  1592 | D:3      | Killed Jessica
  1593 | D:3      | Reached skill level 8 in Ranged Weapons
  1908 | D:3      | Reached XP level 5. HP: 29/29 MP: 7/7
  2166 | D:3      | 2166 ||| READING scroll labelled UHOELU NUOCH.
  2167 | D:3      | 2167 ||| READING scroll labelled BETAPO VISASHRA.
  2390 | D:4      | Reached skill level 9 in Ranged Weapons
  2568 | D:4      | Reached XP level 6. HP: 25/35 MP: 8/8
  2684 | D:4      | Reached skill level 1 in Armour
  2715 | D:4      | HP: 5/35 [orc priest/divine providence (16)]
  2716 | D:4      | Killed from afar by an orc priest

Levels and vault maps discovered:
D:1:      doesnt_arrival_eight_statues, layout_loops_ring, minmay_tetromino_l2
D:2:      layout_basic, cheibrodos_gnoll_hut
D:3:      layout_loops_ring, minmay_lizard_king, uniq_jessica
D:4:      layout_basic

Skill      XL: |  1  2  3  4  5  6 |
---------------+-------------------+-----
Ranged Weapons | 6 7 8 9 |  9.6
Fighting       | 2 |  2.0
Armour         | 1 |  1.3
Dodging        | |  2.4
Stealth        | |  1.2

Action                     |  1- 3 |  4- 6 || total
---------------------------+-------+-------++-------
   Fire: Shortbow          |    94 |   135 ||   229
    Use: Scroll            |     3 |     5 ||     8
         Potion            |       |     1 ||     1
 Armour: Leather armour    |     4 |       ||     4
         Ring mail         |     6 |    16 ||    22
  Dodge: Dodged            |    21 |    32 ||    53

Table legend:
 A = Non-vault XP
 B = Vault XP
 C = Vault XP percentage of total XP
 D = Non-vault monster count
 E = Vault monster count
 F = Vault count percentage of total count
                 A         B        C        D         E       F
            +---------+---------+-------+---------+---------+-------
      Total |     459 |      64 |  12.2 |      72 |      13 |  15.3
            +---------+---------+-------+---------+---------+-------
        D:1 |      33 |       2 |   5.7 |      20 |       2 |   9.1
        D:2 |      54 |      18 |  25.0 |      15 |       3 |  16.7
        D:3 |      68 |      44 |  39.3 |      20 |       8 |  28.6
        D:4 |     304 |       0 |   0.0 |      17 |       0 |   0.0
            +---------+---------+-------+---------+---------+-------
